 Dungeon Crawl Stone Soup version 0.26.1-11-gd32895ea62 (webtiles) character file.

Game seed: 1770795394991839566

56 unlimited1921 the Digger (level 3, -23/24 HPs)
             Began as a Vampire Earth Elementalist on June 23, 2021.
             Killed by an exploding a centaur zombie (32 damage)
             ... exploding inner flame
             ... on level 4 of the Dungeon.
             The game lasted 00:23:24 (978 turns).

unlimited1921 the Digger (VpEE)                      Turns: 978, Time: 00:23:32

Health: -23/24     AC:  5    Str:  7    XL:     3   Next: 69%
Magic:  7/7        EV: 12    Int: 18    God:
Gold:   54         SH:  0    Dex: 14    Spells: 6/7 levels left

rFire    . . .     SeeInvis +   e - +0 short sword
rCold    . . .     Faith    .   (no shield)
rNeg     + . .     Spirit   .   k - +0 leather armour
rPois    .         Reflect  .   n - +2 hat
rElec    .         Harm     .   (no cloak)
rCorr    .         Rampage  .   (no gloves)
Will     .....                  (no boots)
Stlth    ++........             (no amulet)
HPRegen  0.28/turn              i - ring of positive energy
MPRegen  0.10/turn              (no ring)

@: regenerating quickly
A: fangs 3, see invisible, unbreathing
a: Exsanguinate


You were on level 4 of the Dungeon.
You visited 1 branch of the dungeon, and saw 3 of its levels.

You collected 54 gold pieces.

Inventory:

Hand Weapons
 a - a +0 club
 e - a +0 short sword (weapon)
 l - a +1 hunting sling of flaming
Missiles
 p - 6 curare-tipped darts
Armour
 b - the +4 ring mail of Integrity {-Tele rElec rCorr, unknown}
   (You found it on level 4 of the Dungeon)

   It insulates you from electricity.
   It prevents most forms of teleportation.
   It provides partial protection from all sources of acid and corrosion.
 c - a +0 robe
 h - a +0 ring mail
 k - a +0 leather armour (worn)
 n - a +2 hat (worn)
Jewellery
 i - a ring of positive energy (left hand)
Scrolls
 d - a scroll of identify {unknown}
 f - a scroll of enchant armour {unknown}
 j - a scroll of amnesia {unknown}
 r - a scroll of remove curse
Potions
 g - 2 potions of mutation {unknown}
 o - a potion of degeneration {unknown}
 q - a potion of might {unknown}


   Skills:
 + Level 0.1 Armour
 + Level 2.4 Dodging
 + Level 3.5 Stealth
 + Level 2.7 Spellcasting
 + Level 1.1 Transmutations
 + Level 3.7 Earth Magic


You had 6 spell levels left.
You knew the following spells:

 Your Spells              Type           Power        Failure   Level
a - Sandblast             Erth           32%          5%          1

Your spell library contained the following spells:

 Spells                   Type           Power        Failure   Level
 Passwall                 Tmut/Erth      9%           13%         2
 Stone Arrow              Conj/Erth      18%          32%         3
 Petrify                  Tmut/Erth      11%          65%         4
 Lee's Rapid Deconstruct  Erth           8%           82%         5


Dungeon Overview and Level Annotations

Branches:
Dungeon (2/15)

Altars:
Ru
Xom
Zin


Innate Abilities, Weirdness & Mutations

Your natural rate of healing is unusually fast.
You have razor-sharp teeth.
You have supernaturally acute eyesight. (SInv)
You can survive without breathing.


Message History

The centaur zombie hits you!
You hit the centaur zombie.
The centaur zombie is moderately damaged.
The centaur zombie closely misses you.
As you read the scroll labelled AHICHE NITUSE, it crumbles to dust.
The creatures around you are filled with an inner flame!
It was a scroll of immolation.
The centaur zombie hits you.
You hit the centaur zombie.
Flame seeps out of the centaur zombie.
The centaur zombie is moderately damaged.
The centaur zombie is engulfed in blazing flames.
Flame seeps out of the centaur zombie.
The centaur zombie closely misses you.
The centaur zombie is engulfed in blazing flames.
Flame seeps out of the centaur zombie.
The centaur zombie closely misses you.
You hit the centaur zombie but do no damage.
The centaur zombie is almost destroyed.
The centaur zombie is engulfed in blazing flames.
The centaur zombie explodes!
The fiery explosion engulfs you!!
Ouch! That really hurt!
You die...

#.# .# #.###.#
#.....#
#.#######.._..##
#........†_8_..#
########.......##
#........#
#.######.#.
#..@°§.....
########.##


There were no monsters in sight!

Vanquished Creatures
  A centaur zombie (D:4)
  A worker ant (D:4)
  2 dart slugs (D:1)
  4 leopard geckos
  A bat (D:1)
  2 giant cockroaches
  2 goblins (D:1)
  3 hobgoblins
  A ball python (D:1)
  5 frilled lizards (D:1)
  2 kobolds (D:1)
  3 rats (D:1)
27 creatures vanquished.

Notes
Turn   | Place    | Note
-------+----------+-------------------------------------------
     0 | D:1      | unlimited1921 the Vampire Earth Elementalist began the
                  | quest for the Orb.
     0 | D:1      | Reached XP level 1. HP: 13/13 MP: 3/3
   169 | D:1      | Reached XP level 2. HP: 16/19 MP: 0/5
   835 | D:2      | Reached XP level 3. HP: 24/24 MP: 4/6
   908 | D:2      | You fall into a shaft and drop 2 floors!
   908 | D:4      | Found a shimmering altar of Xom.
   908 | D:4      | Found a glowing silver altar of Zin.
   908 | D:4      | Found a sacrificial altar of Ru.
   925 | D:4      | Got a scorched ring mail
   978 | D:4      | Killed by an exploding a centaur zombie... exploding inner
                  | flame

Illustrated notes

Levels and vault maps discovered:
D:1:      lightli_arrival_farm, layout_loops_cross, st_stairs_10,
          hangedman_abyss_or_decor_lesser_grid, minmay_misc_feat_tower,
          nrook_campfire
D:2:      layout_basic, general_overflow_altar, trog_three_pillars_becter,
          uniq_robin
D:4:      layout_basic, chequers_temple_overflow_statue_of_worship,
          minmay_distorted

Action                   || total
-------------------------++-------
Melee: Short sword       ||    18
       Bite              ||     2
 Cast: Sandblast         ||    30
  Use: Scroll            ||     2
       Potion            ||     1
 Stab: Distracted        ||     1
Armor: Robe              ||     2
       Leather armour    ||     3
Dodge: Dodged            ||    23
